 Dungeon Crawl Stone Soup version 0.24.0-123-gd5b16e6ec5 (webtiles) character file.

Game seed: 3050164608139813143, levelgen mode: deterministic

17381 Curus the Cruncher (level 12, -2/73 HPs)
             Began as a Gargoyle Gladiator on Jan 15, 2020.
             Was a Priest of Makhleb.
             Slain by Rupert
             ... wielding a +1 great mace of draining
              (12 damage)
             ... on level 2 of the Lair of Beasts.
             The game lasted 01:08:01 (11511 turns).

Curus the Cruncher (Gargoyle Gladiator)            Turns: 11511, Time: 01:08:01

Health: -2/73      AC: 30    Str: 18    XL:     12   Next: 47%
Magic:  0/26       EV:  8    Int: 15    God:    Makhleb [***...]
Gold:   581        SH:  4    Dex: 15    Spells: 11/11 levels left

rFire    + . .     SeeInvis .   a - +0 quarterstaff
rCold    . . .     Gourm    .   (shield currently unavailable)
rNeg     + . .     Faith    .   q - +7 chain mail of the Neverending Gods {+Blink rF+ Int+7 Stlth+}
rPois    ∞         Spirit   +   c - +0 helmet
rElec    +         Reflect  .   N - scarf {repulsion}
rCorr    .         Harm     .   t - +0 pair of gloves
MR       +....                  x - +0 pair of boots
Stlth    ..........             n - amulet of guardian spirit
HPRegen  0.22/turn              K - ring of magical power
MPRegen  0.20/turn              G - ring of protection from magic

@: repel missiles
A: large bone plates 1, dopey 1, negative energy resistance 1, electricity
resistance, unbreathing, petrification resistance, rot immunity, MP-powered
wands, AC +8
a: Minor Destruction, Lesser Servant of Makhleb, Renounce Religion, Evoke Blink


You were on level 2 of the Lair of Beasts.
You worshipped Makhleb.
Makhleb was most pleased with you.
You were very hungry.

You visited 3 branches of the dungeon, and saw 14 of its levels.
You also visited: Sewer.

You collected 721 gold pieces.
You spent 140 gold pieces at shops.

Inventory:

Hand Weapons
 a - a +0 quarterstaff (weapon)
Missiles
 d - 3 throwing nets (quivered)
Armour
 b - a +0 leather armour
 c - a +0 helmet (worn)
 e - a +1 plate armour
 q - the +7 chain mail of the Neverending Gods (worn) {+Blink rF+ Int+7 Stlth+}
   (You found it on level 6 of the Dungeon)

   It affects your intelligence (+7).
   It protects you from fire.
   It lets you blink.
   It makes you more stealthy.
 s - a +2 buckler of reflection
 t - a +0 pair of gloves (worn)
 v - a +2 hat
 x - a +0 pair of boots (worn)
 N - a scarf of repulsion (worn)
Jewellery
 l - an uncursed ring of stealth
 n - an amulet of guardian spirit (around neck)
 A - an uncursed ring of see invisible
 B - an uncursed ring of flight
 C - an uncursed ring of stealth
 G - a ring of protection from magic (right hand)
 K - a ring of magical power (left hand)
Wands
 o - a wand of clouds (5)
 w - a wand of iceblast (4)
 y - a wand of paralysis (16)
 D - a wand of flame (24)
 E - a wand of digging (5)
 H - a wand of random effects (19)
 M - a wand of disintegration (9)
Scrolls
 g - 15 scrolls of identify
 h - 8 scrolls of teleportation
 i - 8 scrolls of remove curse
 r - 3 scrolls of fear
 F - 2 scrolls of amnesia
Potions
 j - a potion of invisibility
 m - 5 potions of agility
 p - 3 potions of curing
 u - a potion of flight
 z - 2 potions of brilliance
 I - 3 potions of degeneration
 J - 2 potions of ambrosia
 L - a potion of mutation
Comestibles
 f - 28 rations


   Skills:
 - Level 8.1 Fighting
 - Level 14.0 Staves
 - Level 1.7 Throwing
 - Level 7.6 Armour
 - Level 2.4 Dodging
 + Level 7.9 Invocations
 + Level 6.6 Evocations


You had 11 spell levels left.
You didn't know any spells.
Your spell library contained the following spells:

 Spells                   Type           Power        Failure   Level  Hunger
 Freeze                   Ice            #...         95%         1    ##.....
 Throw Frost              Conj/Ice       #.....       99%         2    ###....
 Ozocubu's Armour         Chrm/Ice       #.......     100%        3    ####...
 Recall                   Summ/Tloc      N/A          100%        3    ####...
 Animate Dead             Necr           N/A          100%        4    #####..
 Summon Ice Beast         Ice/Summ       #.......     100%        4    #####..
 Throw Icicle             Conj/Ice       #.......     100%        4    #####..
 Borgnjor's Vile Clutch   Necr/Erth      #.........   100%        5    ######.
 Death Channel            Necr           #.........   100%        6    #######
 Simulacrum               Ice/Necr       #.........   100%        6    #######


Dungeon Overview and Level Annotations

Branches:
Dungeon (10/15)            Temple (1/1) D:7            Lair (3/6) D:10
  Sewer (visited)
  Swamp: Lair:2-4    Shoals: Lair:2-4     Snake: Lair:2-4    Spider: Lair:2-4
    Orc: D:9-12

Altars:
Dithmenos
Elyvilon
Gozag
Hepliaklqana
Kikubaaqudgha
Makhleb
Sif Muna
Trog
Uskayaw
Vehumet
Wu Jian
Yredelemnul

Shops:
D:4 *

Annotations:
Lair:1 exclusion: oklob plant
Lair:2 Rupert


Innate Abilities, Weirdness & Mutations

You are resistant to torment.
Your stone body is resilient. (AC +8)
You are immune to poison.
You resist negative energy. (rN+)
You are resistant to electric shocks. (rElec)
You can survive without breathing.
You are immune to petrification.
You are immune to rotting.
You are partially covered in large bone plates. (SH +4)
You are dopey. (Int -2)
You expend magic power (3 MP) to strengthen your wands.


Message History

You feel a slight surge of power.
The mass of ice explodes!
The iceblast engulfs the elephant!!
You kill the elephant!
Makhleb accepts your kill.
The iceblast engulfs Rupert!
Rupert is almost dead.
The elephant is engulfed in poison gas.
The elephant looks as sick as possible!
Evoke which item? (* to show all) (? for menu, Esc to quit)
Okay, then.
Unknown command.
Press: ? - help, Shift-Dir - straight line, f - Rupert
Aim: Rupert, wielding a +1 great mace of draining and wearing a +2 scale mail of fire resistance (almost dead, berserk, fast, unusually strong, poisoned)
The glob of acid hits Rupert but does no damage.
Rupert is almost dead.
Rupert is splashed with acid!
The acid corrodes Rupert!
Rupert hits you but does no damage.
You thump Rupert!
Rupert is almost dead.
Rupert hits you with a +1 great mace of draining!
You die...

##...##P.......#........#.#
...............##........##
................###.....P#
................P##..##.##
..................#..####
.....................# ###
.....................# #.#######
.........§§..........## #...P#..#
....#....§§.>..@@.....###...<....
....##...§§§...>.................
.#.###...§§§.Y..............P##..
#.## ##...§§..#.#...#.##..#######
### #####..############## #.###
###


You could see Rupert (berserk) and an elephant.

Vanquished Creatures
  The ghost of Purph the Cleaver, a journeyman MiBe of Trog (Lair:1)
  2 hydras (Lair:2)
  A two-headed ogre (D:10)
  3 death yaks (D:10)
  An elephant (Lair:2)
  A black mamba (Lair:1)
  A molten gargoyle (Lair:1)
  Psyche (D:10)
  A spiny frog (Lair:1)
  3 komodo dragons
  6 hippogriffs
  4 blink frogs (Lair:2)
  Sigmund (D:6)
  16 yaks
  4 fire bats
  A hungry ghost (D:9)
  3 water moccasins
  4 porcupines
  7 ice beasts
  3 orc warriors
  3 sky beasts
  2 phantoms (D:9)
  5 ogres
  5 wolves (Lair:1)
  2 centaurs (D:6)
  3 crocodiles
  3 big kobolds
  7 bullfrogs
  4 scorpions
  A lava snake (Lair:1)
  A crimson imp (D:9)
  A bullfrog zombie (D:6)
  2 jellies
  A quasit (D:8)
  8 orc priests
  3 gnoll shamans
  4 hounds
  Jessica (D:2)
  2 iguanas (D:4)
  6 orc wizards
  2 hell rats (D:10)
  5 worker ants
  A hound zombie (D:7)
  2 hound skeletons
  2 howler monkey zombies
  Robin (D:2)
  15 gnolls
  2 worker ant zombies
  12 adders
  4 river rats
  An ooze (D:6)
  An adder zombie (D:7)
  2 adder skeletons
  3 dart slugs
  6 leopard geckos
  32 orcs
  A ball python (D:1)
  5 bats (D:1)
  9 giant cockroaches
  12 hobgoblins
  2 jackals (Sewer)
  2 quokkas
  3 frilled lizards
  16 goblins
  13 kobolds
  A quokka skeleton (D:6)
  11 rats
  A spectral orc (D:9)
295 creatures vanquished.

Vanquished Creatures (collateral kills)
  A porcupine (Lair:1)
1 creature vanquished.

Vanquished Creatures (others)
  An ogre (D:9)
  A scorpion (D:9)
  A goblin (D:2)
3 creatures vanquished.

Grand Total: 299 creatures vanquished

Notes
Turn   | Place    | Note
-------+----------+-------------------------------------------
     0 | D:1      | Curus the Gargoyle Gladiator began the quest for the Orb.
     0 | D:1      | Reached XP level 1. HP: 12/12 MP: 1/1
    55 | D:1      | Reached XP level 2. HP: 13/17 MP: 2/2
   474 | D:1      | Reached skill level 4 in Staves
   492 | D:1      | Reached XP level 3. HP: 21/21 MP: 3/3
   706 | D:2      | Reached XP level 4. HP: 15/26 MP: 4/4
   712 | D:2      | Reached skill level 5 in Staves
  1021 | D:2      | Noticed Jessica
  1044 | D:2      | Killed Jessica
  1117 | D:2      | Reached XP level 5. HP: 27/30 MP: 5/5
  1151 | D:2      | Noticed Robin
  1163 | D:2      | Killed Robin
  1384 | D:2      | You fall into a shaft and drop 2 floors!
  1414 | D:4      | Found a hazy altar of Hepliaklqana.
  1438 | D:4      | Reached skill level 6 in Staves
  2004 | D:3      | Found an opulent altar of Gozag.
  2069 | D:3      | Reached XP level 6. HP: 35/35 MP: 6/6
  2211 | D:3      | Found a radiant altar of Vehumet.
  2445 | D:4      | Found Vapuk's Assorted Antiques.
  2469 | D:4      | Bought a large bone ring for 140 gold pieces
  2539 | D:4      | Reached skill level 7 in Staves
  2814 | D:4      | Reached XP level 7. HP: 40/40 MP: 7/7
  3022 | D:5      | Entered Level 5 of the Dungeon
  3381 | D:5      | Reached skill level 8 in Staves
  3708 | D:5      | Found a glowing drain.
  3721 | Sewer    | Entered a sewer
  3839 | Sewer    | Found a white marble altar of Elyvilon.
  4138 | D:6      | Identified a scroll of acquirement
  4220 | D:6      | Reached skill level 9 in Staves
  4249 | D:6      | Reached XP level 8. HP: 28/44 MP: 4/8
  4307 | D:6      | Got a brightly glowing chain mail
  4432 | D:6      | Reached skill level 10 in Staves
  4848 | D:6      | Noticed Sigmund
  4868 | D:6      | Killed Sigmund
  4868 | D:6      | Reached skill level 11 in Staves
  5170 | D:6      | Reached XP level 9. HP: 21/48 MP: 6/9
  5391 | D:6      | Identified the +7 chain mail of the Neverending Gods
                  | {+Blink rF+ Int+7 Stlth+} (You found it on level 6 of the
                  | Dungeon)
  5611 | D:7      | Reached skill level 12 in Staves
  6253 | D:7      | Found a staircase to the Ecumenical Temple.
  6262 | Temple   | Entered the Ecumenical Temple
  6265 | Temple   | Became a worshipper of Makhleb the Destroyer
  6810 | D:8      | Reached skill level 13 in Staves
  6991 | D:8      | Found a bloodstained altar of Trog.
  6992 | D:8      | Found an ancient bone altar of Kikubaaqudgha.
  6992 | D:8      | Found a shadowy altar of Dithmenos.
  6992 | D:8      | Found a hide-covered altar of Uskayaw.
  6998 | D:8      | Found a shimmering blue altar of Sif Muna.
  7001 | D:8      | Found a white marble altar of Elyvilon.
  7208 | D:8      | Reached XP level 10. HP: 38/53 MP: 5/10
  7662 | D:9      | Reached skill level 14 in Staves
  7724 | D:9      | Reached * piety under Makhleb
  7724 | D:9      | Reached skill level 1 in Armour
  8005 | D:9      | Found a radiant altar of Vehumet.
  8392 | D:9      | Reached skill level 5 in Fighting
  8639 | D:9      | Gained mutation: You expend magic power (3 MP) to
                  | strengthen your wands. [potion of mutation]
  8639 | D:9      | Gained mutation: You are dopey. (Int -2) [potion of
                  | mutation]
  8639 | D:9      | Gained mutation: You are partially covered in large bone
                  | plates. (SH +4) [potion of mutation]
  8766 | D:9      | Found a basalt altar of Yredelemnul.
  8952 | D:10     | Entered Level 10 of the Dungeon
  8952 | D:10     | Noticed Psyche
  8983 | D:10     | Reached ** piety under Makhleb
  8983 | D:10     | Reached skill level 5 in Armour
  8991 | D:10     | Killed Psyche
  9016 | D:10     | Noticed a death yak
  9017 | D:10     | Noticed a death yak
  9026 | D:10     | Noticed a death yak
  9030 | D:10     | Killed a death yak
  9030 | D:10     | Reached XP level 11. HP: 56/67 MP: 7/11
  9038 | D:10     | Killed a death yak
  9044 | D:10     | Killed a death yak
  9049 | D:10     | Noticed a two-headed ogre
  9059 | D:10     | Killed a two-headed ogre
  9087 | D:10     | Found a staircase to the Lair.
  9159 | Lair:1   | Entered Level 1 of the Lair of Beasts
  9227 | Lair:1   | Reached skill level 1 in Invocations
  9238 | Lair:1   | Reached skill level 1 in Evocations
  9286 | Lair:1   | Found a runed translucent door.
  9605 | Lair:1   | Noticed an oklob plant
  9718 | Lair:1   | Reached *** piety under Makhleb
  9718 | Lair:1   | Reached skill level 5 in Invocations
  9922 | Lair:1   | Noticed Purph's ghost (journeyman MiBe)
 10239 | Lair:1   | Killed Purph's ghost
 10239 | Lair:1   | Reached XP level 12. HP: 35/73 MP: 10/16
 10336 | Lair:1   | Reached skill level 5 in Evocations
 10338 | Lair:1   | HP: 1/73 [yak (3)]
 10767 | Lair:2   | Noticed a five-headed hydra
 10779 | Lair:2   | Killed a five-headed hydra
 10869 | Lair:2   | Noticed a six-headed hydra
 10886 | Lair:2   | Killed a six-headed hydra
 11468 | Lair:3   | Noticed Rupert
 11511 | Lair:2   | Slain by Rupert

Levels and vault maps discovered:
D:1:      lemuel_arrival_room, layout_basic
D:2:      layout_basic, serial_forest, infiniplex_forest_straight_2,
          infiniplex_forest_end_2, infiniplex_forest_straight_2,
          infiniplex_forest_clump_tiny, uniq_jessica, uniq_robin
D:3:      layout_loops_ring, nicolae_gozag_seed_capital, vehumet_crystals
D:4:      layout_loops_ring, lemuel_doored_altar, first_ration, serial_shops,
          nicolae_shop_statue_plus, amethyst_killhole
D:5:      layout_loops_corners, gup_sewer_entry_spiral
D:6:      layout_basic, uniq_sigmund
D:7:      layout_layer_cave, minmay_temple_entry_junction
D:8:      layout_loops_corners, minmay_overflow_temple_hex
D:9:      layout_roguey, yredelemnul_forgotten_temple_becter, basic_altar,
          blue_anna_alchemist [blue_anna_fruit_fields, blue_anna_fruit_fields],
          lemuel_flamethrower_hall
D:10:     layout_rooms, dpeg_lair_monsters, nicolae_elemental_shop, uniq_psyche
Temple:   nicolae_temple_hex_pool
Lair:1:   layout_chaotic_city, ebering_ghost_reflecting_pool, lemuel_fruit_tree,
          grunt_megastairs_5, infiniplex_staircase_pool,
          minmay_lair_oklob_chamber
Lair:2:   layout_cave_pods, eino_small_chamber_without_monster,
          grunt_megastairs_1
Lair:3:   layout_gridlike, dummy_spider_entry, uniq_rupert

Skill      XL: |  1  2  3  4  5  6  7  8  9 10 11 12 |
---------------+-------------------------------------+-----
Staves         | 4 5 6 7 9 11 13 14 | 14.0
Armour         | 6 7 |  7.6
Fighting       | 7 8 |  8.1
Invocations    | 5 7 |  7.9
Evocations     | 4 6 |  6.6
Throwing       | |  1.7
Dodging        | |  2.4

Action                   |  1- 3 |  4- 6 |  7- 9 | 10-12 || total
-------------------------+-------+-------+-------+-------++-------
Melee: Quarterstaff      |   101 |   233 |   513 |   843 ||  1690
Throw: Throwing net      |       |       |       |     2 ||     2
Invok: Minor Destruction |       |       |       |     2 ||     2
       Lesser Servant of |       |       |       |     2 ||     2
 Abil: Evoke Blink       |       |       |       |     2 ||     2
Evoke: Wand              |       |       |     1 |     4 ||     5
  Use: Scroll            |     5 |     2 |     6 |     3 ||    16
       Potion            |     2 |     3 |     6 |    10 ||    21
 Stab: Held in net/web   |       |       |       |     2 ||     2
  Eat: Chunk             |       |     6 |    12 |    13 ||    31
       Ration            |       |       |     1 |     2 ||     3
Armor: Plate armour      |    90 |   218 |   347 |   251 ||   906
       Chain mail        |       |       |       |   280 ||   280
Dodge: Dodged            |    26 |    71 |   119 |   207 ||   423
Block: Other             |       |       |       |    53 ||    53
